 Dungeon Crawl Stone Soup version 0.26.0-20-g3ca415f5b8 (webtiles) character file.

Game seed: 4556849594614631918

26 Majorwet the Insei (level 3, 0/28 HPs)
             Began as a Gnoll Transmuter on Jan 25, 2021.
             Slain by a ball python (1 damage)
             ... on level 4 of the Dungeon.
             The game lasted 00:03:06 (1185 turns).

Majorwet the Insei (Gnoll Transmuter)               Turns: 1185, Time: 00:03:07

Health: 0/28       AC:  3    Str: 13    XL:     3   Next: 8%
Magic:  9/9        EV: 11    Int: 15    God:
Gold:   17         SH:  0    Dex: 15    Spells: 11/12 levels left

rFire    . . .     SeeInvis .   c - +0 club
rCold    . . .     Faith    .   (no shield)
rNeg     . . .     Spirit   .   b - +0 leather armour
rPois    .         Reflect  .   (no helmet)
rElec    .         Harm     .   (no cloak)
rCorr    .         Rampage  .   (no gloves)
Will     .....                  (no boots)
Stlth    +.........             (no amulet)
HPRegen  0.09/turn              (no ring)
MPRegen  0.11/turn              (no ring)

@: lethally poisoned (0 -> -5), constricted
A: distributed training, fangs 1, strong nose
a: no special abilities


You were on level 4 of the Dungeon.
You visited 1 branch of the dungeon, and saw 4 of its levels.

You collected 17 gold pieces.

Inventory:

Hand Weapons
 c - a +0 club (weapon)
Armour
 a - a +0 robe
 b - a +0 leather armour (worn)
Jewellery
 e - a +4 ring of evasion {unknown}
 f - an uncursed amulet of the acrobat {unknown}
Scrolls
 h - a scroll of enchant weapon {unknown}
 i - a scroll of magic mapping {unknown}
 j - a scroll of remove curse {unknown}
 k - a scroll of teleportation {unknown}
Potions
 d - a potion of magic {unknown}
 g - a potion of curing {unknown}


   Skills:
 + Level 2.5 Fighting
 + Level 0.6 Short Blades
 + Level 0.6 Long Blades
 + Level 0.6 Axes
 + Level 0.6 Maces & Flails
 + Level 0.6 Polearms
 + Level 0.6 Staves
 + Level 0.6 Slings
 + Level 0.6 Bows
 + Level 0.6 Crossbows
 + Level 0.6 Throwing
 + Level 0.6 Armour
 + Level 4.5 Dodging
 + Level 0.6 Stealth
 + Level 0.6 Shields
 + Level 6.5 Unarmed Combat
 + Level 5.0 Spellcasting
 + Level 0.4 Conjurations
 + Level 0.4 Hexes
 + Level 0.4 Summonings
 + Level 0.4 Necromancy
 + Level 0.4 Translocations
 + Level 3.7 Transmutations
 + Level 0.4 Fire Magic
 + Level 0.4 Ice Magic
 + Level 0.4 Air Magic
 + Level 0.4 Earth Magic
 + Level 0.4 Poison Magic
 + Level 0.8 Invocations
 + Level 0.6 Evocations


You had 11 spell levels left.
You knew the following spells:

 Your Spells              Type           Power        Failure   Level
a - Beastly Appendage     Tmut           30%          4%          1

Your spell library contained the following spells:

 Spells                   Type           Power        Failure   Level
 Wereblood                Tmut           15%          7%          2
 Spider Form              Tmut/Pois      5%           26%         3
 Ice Form                 Ice/Tmut       10%          65%         4
 Blade Hands              Tmut           7%           77%         5


Dungeon Overview and Level Annotations

Branches:
Dungeon (4/15)
 Temple: D:4-7

Altars:


Innate Abilities, Weirdness & Mutations

Your experience applies equally to all skills.
You have very sharp teeth.
Your uncanny sense of smell can sniff out nearby items.


Message History

* * * LOW HITPOINT WARNING * * *
The ball python bites you but does no damage.
* * * LOW HITPOINT WARNING * * *
The ball python constricts you. The adder bites you.
* * * LOW HITPOINT WARNING * * *
You are lethally poisoned!
The adder poisons you!
You closely miss the adder.
* * * LOW HITPOINT WARNING * * *
You feel sick. The ball python misses you. The ball python constricts you.
The adder bites you.
* * * LOW HITPOINT WARNING * * *
The rat bites you but does no damage.
The ball python bites you but does no damage.
The ball python constricts you. The adder bites you.
* * * LOW HITPOINT WARNING * * *
You closely miss the adder. The rat barely misses you.
The adder closely misses you.
The ball python bites you but does no damage.
You die...

.# #..# .. #..#.#
.##..#.#
..#..#.###
#.#......#
#.#..#)#.#
#.#..#.#.# #
#.<..#.#.##.###).
#.......S@S......
#.#......r...#....
#.#...###.#### . .
#...# #.# ........
... #...#..>......
#...##.#####..! ..
#. ....


You could see an adder, a ball python and a rat.

Vanquished Creatures
  A leopard gecko (D:1)
  5 bats (D:1)
  2 giant cockroaches
  2 goblins (D:1)
  3 hobgoblins (D:1)
  4 kobolds (D:1)
  A frilled lizard (D:1)
  4 rats (D:1)
22 creatures vanquished.

Notes
Turn   | Place    | Note
-------+----------+-------------------------------------------
     0 | D:1      | Majorwet the Gnoll Transmuter began the quest for the Orb.
     0 | D:1      | Reached XP level 1. HP: 17/17 MP: 6/6
   439 | D:1      | Reached XP level 2. HP: 23/23 MP: 7/7
  1014 | D:1      | Reached XP level 3. HP: 22/28 MP: 9/9
  1107 | D:2      | Reached skill level 5 in Spellcasting
  1184 | D:4      | HP: 1/28 [adder (1)]
  1185 | D:4      | Slain by a ball python

Illustrated notes

Levels and vault maps discovered:
D:1:      saegor_arrival_simple_d, layout_basic, serial_co_window_serial,
          co_window_paths_a, co_window_paths_b, co_window_corner_a,
          co_window_paths_a, co_window_paths_b, co_window_broadway_a,
          co_window_cross_3, co_window_of_opportunity_b, co_window_broadway_b,
          co_window_broadway_c, co_window_broadway_b, glass_columns_b,
          glass_columns_a, glass_columns_b
D:2:      layout_rooms, minmay_pentomino_u2
D:3:      layout_basic
D:4:      layout_basic, hangedman_decor_opposing

Skill      XL: |  1  2  3 |
---------------+----------+-----
Spellcasting   | 5 |  5.0
Fighting       | |  2.5
Short Blades   | |  0.6
Long Blades    | |  0.6
Axes           | |  0.6
Maces & Flails | |  0.6
Polearms       | |  0.6
Staves         | |  0.6
Slings         | |  0.6
Bows           | |  0.6
Crossbows      | |  0.6
Throwing       | |  0.6
Armour         | |  0.6
Dodging        | |  4.5
Stealth        | |  0.6
Shields        | |  0.6
Unarmed Combat | |  6.5
Conjurations   | |  0.4
Hexes          | |  0.4
Summonings     | |  0.4
Necromancy     | |  0.4
Translocations | |  0.4
Transmutations | |  3.7
Fire Magic     | |  0.4
Ice Magic      | |  0.4
Air Magic      | |  0.4
Earth Magic    | |  0.4
Poison Magic   | |  0.4
Invocations    | |  0.8
Evocations     | |  0.6

Action                   || total
-------------------------++-------
Melee: Club              ||    92
       Unarmed           ||     5
       Kick              ||     4
       Bite              ||     6
       Punch             ||     4
 Cast: Beastly Appendage ||     2
Armor: Leather armour    ||    59
Dodge: Dodged            ||   171
